Map: Ruins of Seras

Players

SlimShady - Winner!

  • Race: Zerg Zerg
  • League: Grandmaster

llllllllllll

  • Race: Zerg Zerg
  • League: Grandmaster

VOD

Have the link to the VOD?

Description

Time

  • Played on: March 6, 2016, 6:40 a.m.
  • Length: 3:02
Show
View Real Time Build Order
Export as new Build Order

SlimShady Zerg - Winner!

Build Orders: Pool Only 

Get SALT Encoding   

  12  0:01  Drone  
  13  0:09  Extractor  
  12  0:25  Spawning Pool  
  11  0:29  Drone  
  11  0:35  Drone  
  14  0:42  Drone  
  14  1:03  Overlord  
  14  1:12  Metabolic Boost  
  14  1:21  Zergling x6  
  17  1:30  Baneling Nest  
  16  1:37  Zergling x2  
  17  1:44  Zergling x2  
  18  1:52  Queen  
  20  1:56  Zergling x2  
  21  2:11  Zergling x2  
  22  2:17  Baneling  
  22  2:18  Baneling  
  21  2:30  Overlord  
  21  2:35  Zergling x2  
  22  2:37  Baneling x2  
Show
View Real Time Build Order
Export as new Build Order

llllllllllll Zerg 

Build Orders: Pool Only 

Get SALT Encoding   

  12  0:13  Extractor  
  11  0:20  Spawning Pool  
  10  0:25  Drone  
  11  0:30  Drone  
  12  0:42  Overlord  
  12  1:07  Zergling x6  
  15  1:19  Metabolic Boost, Zergling x2  
  16  1:31  Queen  
  18  1:36  Zergling x2  
  19  1:41  Zergling x2  
  20  1:49  Overlord  
  20  2:01  Zergling x2  
  21  2:12  Zergling x2  
  22  2:28  Zergling x2  
  23  2:35  Zergling x2  
  24  2:41  Zergling x6  
Tags
 
Add a new tag
Caveats
  • Supply blocks, unpowered buildings, or Contaminate may cause inaccurate times.
  • Supply counts are checked every 10 seconds.